 Dungeon Crawl Stone Soup version 0.31.0-12-g77e489cdc1 (webtiles) character file.

Game seed: 1065215510236316973

653 hawla the Carver (level 7, -2/85 HPs)
             Began as a Minotaur Fighter on Mar 3, 2024.
             Succumbed to a kobold brigand's poison
             ... in a sewer.
             The game lasted 00:06:49 (3859 turns).

hawla the Carver (Minotaur Fighter)                 Turns: 3859, Time: 00:06:50

Health: -2/85      AC: 23    Str: 20    XL:     7   Next: 28%
Magic:  6/6        EV:  2    Int:  5    God:
Gold:   97         SH:  6    Dex: 12    Spells: 6/6 levels left

rFire   . . .        a - +0 long sword
rCold   . . .        c - +1 buckler
rNeg    . . .        n - melded +1 chain mail
rPois   +            (helmet currently unavailable)
rElec   .            b - melded +0 cloak
rCorr   .            (gloves currently unavailable)
SInv    .            (boots currently unavailable)
Will    .....        (no amulet)
Stlth   +            (no ring)
HPRegen 0.34/turn    (no ring)
MPRegen 0.10/turn

%: no passive effects
@: lethally poisoned (-2 -> -18), tree-form, very slow
A: stationary, stasis, torment immunity, boosted hp, (horns 2), (retaliatory
headbutt)
a: no special abilities


You were in a sewer.
You were a tree.
You visited 1 branch of the dungeon, and saw 4 of its levels.
You also visited: Sewer.

You collected 97 gold pieces.

Inventory:

Hand Weapons
 a - a +0 long sword (weapon)
Missiles
 g - 14 poisoned darts (quivered)
 m - a curare-tipped dart
Armour
 b - a +0 cloak (melded)
 c - a +1 buckler (worn)
 n - a +1 chain mail (melded)
Wands
 j - a wand of iceblast (14)
Scrolls
 f - a scroll of enchant weapon {unknown}
Potions
 d - a potion of might
 i - a potion of cancellation
 k - 2 potions of haste {unknown}
 l - a potion of mutation {unknown}


   Skills:
 - Level 3.6 Fighting
 + Level 8.5 Long Blades
 - Level 3.6 Armour
 - Level 3.0 Dodging
 - Level 5.0 Shields


You had 6 spell levels left.
You didn't know any spells.
Your spell library was empty.

Dungeon Overview and Level Annotations

Branches:
Dungeon (4/15)              Sewer (1/1)
 Temple: D:4-7

Altars:
Kikubaaqudgha
Makhleb
Vehumet
Zin

Shops:
D:4 =([*


Innate Abilities, Weirdness & Mutations

You are a tree.
Your roots penetrate the ground, keeping you stationary.
You cannot be teleported.
You are immune to unholy pain and torment.
Your maximum health is greatly increased.
Your equipment is partially melded.
((You have a pair of horns on your head.))
((You reflexively headbutt those who attack you in melee.))


Message History

The kobold brigand hits you with a +2 dagger of venom!
You are lethally poisoned!
You feel much better.
You feel extremely sick.
The kobold brigand splashes around in the water. x2
Your unstable footing causes you to fumble your attack.
You feel very sick.
The kobold brigand hits you with a +2 dagger of venom.
You are more poisoned.
You hit the kobold brigand. You headbutt the kobold brigand.
The kobold brigand is moderately wounded.
* * * LOW HITPOINT WARNING * * *
You feel extremely sick.
The kobold brigand hits you with a +2 dagger of venom.
* * * LOW HITPOINT WARNING * * *
You are lethally poisoned!
The kobold brigand splashes around in the water.
It was a potion of lignification.
You turn into a tree.
Your +0 cloak melds into your body.
Your +1 chain mail melds into your body.
Your roots penetrate the ground.
* * * LOW HITPOINT WARNING * * *
You feel extremely sick.
The kobold brigand hits you but does no damage.
You are more poisoned.
It was a potion of cancellation.
Your magical effects are unravelling.
You feel magically purged.
You feel less wooden.
Your +0 cloak unmelds from your body.
Your +1 chain mail unmelds from your body.
You feel yourself speed up.
* * * LOW HITPOINT WARNING * * *
You feel extremely sick. You block the kobold brigand's attack.
The kobold brigand splashes around in the water.
You turn into a tree.
Your +0 cloak melds into your body.
Your +1 chain mail melds into your body.
Your roots penetrate the ground.
You die...

~.# ###### ~~~#
#.~~~~##### ~~.~#
#K♣~.~####### ~.~.~
#.~~~~###.~.~...##
#.~~ ######
#~~~~~~~~# #..
~~~~###~~...~~.####~~
#~~~~~####.~~~##~..
~~~~##### ##..~~.~~.
## ##~~~~... #~...~..
#~~~.~~~


You could see a kobold brigand.

Vanquished Creatures
  A sky beast (D:4)
  2 kobold brigands (Sewer)
  A bullfrog (D:4)
  2 hounds (D:4)
  An orc priest (D:3)
  A gnoll bouda (D:4)
  Ijyb (D:3)
  A statue (D:3)
  Robin (D:2)
  4 gnolls (D:4)
  4 adders
  A dart slug (D:4)
  6 ribbon worms
  5 orcs (D:3)
  12 ball pythons
  2 bats (D:1)
  7 endoplasms
  12 goblins
  9 hobgoblins
  2 jackals (D:3)
  2 quokkas
  6 frilled lizards
  7 kobolds
  10 rats
100 creatures vanquished.

Notes
Turn   | Place    | Note
-------+----------+-------------------------------------------
     0 | D:1      | hawla the Minotaur Fighter began the quest for the Orb.
     0 | D:1      | Reached XP level 1. HP: 19/19 MP: 0/0
   117 | D:1      | Reached skill level 1 in Dodging
   151 | D:1      | Reached XP level 2. HP: 17/26 MP: 1/1
   866 | D:2      | Reached XP level 3. HP: 31/31 MP: 2/2
   995 | D:2      | Noticed Robin
  1031 | D:2      | Killed Robin
  1481 | D:3      | Reached skill level 5 in Shields
  1481 | D:3      | Reached XP level 4. HP: 29/39 MP: 3/3
  1493 | D:3      | Reached skill level 3 in Long Blades
  1821 | D:3      | Found a burning altar of Makhleb.
  1840 | D:3      | Found a glowing silver altar of Zin.
  1854 | D:3      | Found a radiant altar of Vehumet.
  1855 | D:3      | Noticed a frost-covered statue
  1867 | D:3      | Killed a frost-covered statue
  1868 | D:3      | Reached skill level 4 in Long Blades
  1868 | D:3      | Reached XP level 5. HP: 45/45 MP: 4/4
  2029 | D:3      | Noticed Ijyb
  2054 | D:3      | Killed Ijyb
  2485 | D:3      | Found a faded altar of an unknown god.
  2560 | D:4      | Found Ulok's Antique Armour Shoppe.
  2561 | D:4      | Found Fodostral's Antique Weapon Emporium.
  2588 | D:4      | Reached skill level 5 in Long Blades
  2592 | D:4      | Found an ancient bone altar of Kikubaaqudgha.
  2660 | D:4      | Noticed a sky beast
  2674 | D:4      | Killed a sky beast
  2675 | D:4      | Reached skill level 6 in Long Blades
  2675 | D:4      | Reached XP level 6. HP: 25/51 MP: 5/5
  3019 | D:4      | Reached skill level 7 in Long Blades
  3088 | D:4      | Found Ohuekkewn's General Store.
  3290 | D:4      | Found Edyiwk's Jewellery Boutique.
  3315 | D:4      | Found a glowing drain.
  3320 | Sewer    | Entered a sewer
  3565 | Sewer    | Reached skill level 8 in Long Blades
  3565 | Sewer    | Reached XP level 7. HP: 44/57 MP: 6/6
  3858 | Sewer    | HP: 1/57 [poisoned by a kobold brigand]
  3859 | Sewer    | Succumbed to a kobold brigand's poison

Illustrated notes

Levels and vault maps discovered:
D:1:      elethiomel_arrival_fortress_basement, layout_basic
D:2:      layout_basic, uniq_robin
D:3:      layout_basic, vehumet_statue, lemuel_crystal_altar, zin_scriptorium,
          shapermc_ecumenical_altar_petra, uniq_ijyb
D:4:      layout_basic, kennysheep_little_box, serial_shops, shop, shop,
          nicolae_lakefront_shop, shop, portal_sewer_entry_e,
          minmay_misc_feat_enclosed, chequers_serial_rivers_room_b,
          hex_intersection, nicolae_underground_beach
Sewer:    sewer_co_tree

Skill      XL: |  1  2  3  4  5  6 |
---------------+-------------------+-----
Dodging        | 1 2 3 |  3.0
Shields        | 4 5 |  5.0
Long Blades    | 4 6 8 |  8.5
Fighting       | |  3.6
Armour         | |  3.6

Action                     |  1- 3 |  4- 6 |  7- 9 || total
---------------------------+-------+-------+-------++-------
  Melee: Long sword        |   114 |   176 |    46 ||   336
         Headbutt          |    13 |    31 |     5 ||    49
    Use: Scroll            |     7 |     3 |       ||    10
         Potion            |       |       |     5 ||     5
 Armour: Scale mail        |    27 |       |       ||    27
         Chain mail        |    47 |   110 |    26 ||   183
         Skin              |       |       |     1 ||     1
  Dodge: Dodged            |    52 |    46 |    12 ||   110
  Block: Buckler           |    31 |    56 |     7 ||    94
